 Dungeon Crawl Stone Soup version 0.30-a0-939-gc8157cb160 (webtiles) character file.

Game seed: 14181054656131353712

128 benadryl the Conjurer (level 4, -1/21 HPs)
             Began as a Deep Elf Conjurer on Mar 25, 2023.
             Was a Follower of Hepliaklqana.
             Slain by a lemure (7 damage)
             ... led by Pikel
             ... on level 3 of the Dungeon.
             The game lasted 00:04:31 (3048 turns).

benadryl the Conjurer (Deep Elf Conjurer)           Turns: 3048, Time: 00:04:32

Health: -1/21      AC:  2    Str:  4    XL:     4   Next: 87%
Magic:  7/10       EV: 12    Int: 25    God:    Hepliaklqana [*.....]
Gold:   128        SH:  0    Dex: 13    Spells: 6/9 levels left

rFire   . . .      SeeInvis .    u - +0 long sword (protect)
rCold   . . .      Faith    .    (no shield)
rNeg    . . .      Spirit   .    a - +0 robe
rPois   .          Reflect  .    (no helmet)
rElec   .          Rampage  .    (no cloak)
rCorr   .                        (no gloves)
Will    .....                    (no boots)
Stlth   ++                       h - amulet of regeneration
HPRegen 1.03/turn                (no ring)
MPRegen 0.12/turn                (no ring)

@: about to teleport
A: reduced essence
a: Renounce Religion, Recall Ancestor, Ancestor Identity


You were on level 3 of the Dungeon.
You worshipped Hepliaklqana.
Hepliaklqana was aware of your devotion.
You visited 1 branch of the dungeon, and saw 4 of its levels.

You collected 128 gold pieces.

Inventory:

Hand Weapons
 u - a +0 long sword of protection (weapon)
Missiles
 g - a throwing net
Armour
 a - a +0 robe (worn)
Magical Staves
 t - a staff of fire
Jewellery
 h - an amulet of regeneration (around neck)
Scrolls
 d - a scroll of magic mapping {unknown}
 i - 2 scrolls of vulnerability {unknown}
 j - a scroll of acquirement {unknown}
 l - a scroll of immolation
 m - a scroll of noise {unknown}
 n - 2 scrolls of teleportation
 q - a scroll of blinking {unknown}
 r - a scroll of poison {unknown}
Potions
 b - 2 potions of magic
 e - a potion of brilliance {unknown}
 f - 4 potions of curing {unknown}
 k - a potion of might {unknown}
 o - 2 potions of attraction
 s - a potion of flight {unknown}


   Skills:
 - Level 2.4 Dodging
 - Level 2.4 Stealth
 - Level 3.0 Spellcasting
 * Level 6.9 Conjurations


You had 6 spell levels left.
You knew the following spells:

 Your Spells              Type           Power      Damage    Failure   Level
a - Magic Dart            Conj           100%       1d8       1%          1
b - Searing Ray           Conj           76%        2d7       1%          2

Your spell library contained the following spells:

 Spells                   Type           Power      Damage    Failure   Level
 Dazzling Flash           Conj/Hex       42%        N/A       8%          3
 Slow                     Hex            12%        N/A       10%         1
 Fulminant Prism          Conj/Hex       10%        3d8       24%         4
 Iskenderun's Mystic Bla  Conj/Tloc      21%        2d6       24%         4
 Confusing Touch          Hex            3%         N/A       30%         3
 Inner Flame              Hex/Fire       3%         N/A       30%         3
 Vampiric Draining        Necr           3%         2d6       30%         3
 Cause Fear               Hex            1%         N/A       69%         4
 Discord                  Hex            1%         N/A       100%        8


Dungeon Overview and Level Annotations

Branches:
Dungeon (4/15)
 Temple: D:4-7

Altars:
Hepliaklqana
Xom
Yredelemnul

Shops:
D:3 :

Annotations:
D:4 Edmund, Pikel


Message History

Anything else - Cancel.
Gang up on whom?
Press: ? - help, Dir - move target, f/p - Pikel
Aim: Pikel, wielding a +2 whip of flaming and wearing a +0 robe (ally target) Attack!
Leofdaeg closely misses Pikel.
Pikel hits Leofdaeg with a +2 whip of flaming.
Pikel burns Leofdaeg.
Leofdaeg misses Pikel.
Pikel hits Leofdaeg with a +2 whip of flaming!
Pikel burns Leofdaeg.
Leofdaeg is destroyed!
You see here an adder corpse.
You see here a ball python corpse.
You see here an adder skeleton.
Pikel cracks his whip.
The lemure attacks as you move away! The lemure barely misses you.
The lemure attacks as you move away! The lemure hits you.
The lemure attacks as you move away! The lemure misses you.
There is a stone staircase leading up here.
The lemure hits you.
You climb upwards.
There is a stone staircase leading down here.
Casting: Magic Dart (safe; 1% risk of failure)
Confirm with . or Enter, or press ? or * to list all spells.
Aiming: Searing Ray (safe; 1% risk of failure)
Press: ? - help, Shift-Dir - straight line, f - lemure
Aim: a lemure (76% to hit)
The searing ray hits the lemure.
The lemure is lightly wounded. (Press . to maintain the ray.)
The lemure hits you!
The searing ray misses the lemure.
The lemure hits you.
* * * LOW HITPOINT WARNING * * *
Okay, then.
Okay, then.
As you read the scroll of teleportation, it crumbles to dust.
You feel strangely unstable. The lemure closely misses you.
The lemure attacks as you move away! The lemure hits you!
You die...

#.# #.# #.# #.# #.# #.#
#.# #.# #######.# #.# #.#
####....##.# #.# #.#
#.....#.##.#
#.###.#####.P.P.#.##.#
#.##........._..>....#
#<##..#.....P.P...####
#.##..#.#@......###
#.#.#.#.#5####..#
####.##.##.#>####..##
###.PP.##.##.#........#
##.#PP..§.....######...#
#P...PP§.#.#### #.[.#
##....§P§.P.# #...##
#.P...P...#.###### #....#
..PP.§_..........#####...#


You could see a lemure.

Vanquished Creatures
  8 adders
  2 dart slugs
  2 bats (D:1)
  7 endoplasms
  3 giant cockroaches
  4 goblins
  2 hobgoblins
  2 kobolds
  11 ball pythons
  5 frilled lizards
  5 rats
51 creatures vanquished.

Vanquished Creatures (others)
  2 ancestors (D:4)
  2 plants (D:3)
4 creatures vanquished.

Grand Total: 55 creatures vanquished

Notes
Turn   | Place    | Note
-------+----------+-------------------------------------------
     0 | D:1      | benadryl the Deep Elf Conjurer began the quest for the Orb.
     0 | D:1      | Reached XP level 1. HP: 10/10 MP: 6/6
   163 | D:1      | Reached XP level 2. HP: 15/15 MP: 5/8
   166 | D:1      | Learned a level 2 spell: Searing Ray
   198 | D:1      | Reached skill level 5 in Conjurations
   934 | D:2      | Reached XP level 3. HP: 19/19 MP: 7/9
  1262 | D:2      | Reached skill level 6 in Conjurations
  1850 | D:3      | Found a hazy altar of Hepliaklqana.
  1884 | D:3      | Reached XP level 4. HP: 24/24 MP: 8/10
  2096 | D:3      | Became a worshipper of Hepliaklqana the Forgotten
  2108 | D:3      | Found a basalt altar of Yredelemnul.
  2159 | D:3      | Found a shimmering altar of Xom.
  2159 | D:3      | Found a shimmering altar of Xom.
  2160 | D:3      | Found a shimmering altar of Xom.
  2160 | D:3      | Found a shimmering altar of Xom.
  2161 | D:3      | Found a shimmering altar of Xom.
  2358 | D:3      | Found Ibism's Vocational Training.
  2875 | D:4      | Reached * piety under Hepliaklqana
  2916 | D:4      | Noticed Edmund
  2916 | D:4      | Noticed a lemure
  2916 | D:4      | Noticed a lemure
  2916 | D:4      | Noticed a lemure
  2922 | D:4      | Noticed a lemure
  2923 | D:4      | Noticed Pikel
  2924 | D:4      | HP: 1/21 [Edmund/+5 dire flail of holy wrath (14)]
  3048 | D:3      | Slain by a lemure

Illustrated notes

Levels and vault maps discovered:
D:1:      ebering_trefoil_twist, layout_loops_ring
D:2:      layout_basic
D:3:      layout_loops_ring, nicolae_hepliaklqana_hazy_memory, xom_redecorated,
          yredelemnul_altar_generic, kennysheep_pointless_box,
          nicolae_concentric_dashed_squares_wild, nicolae_shop_vocational
D:4:      layout_loops_corners, overflow_temple_1_default, uniq_edmund,
          uniq_crazy_yiuf_cottage, uniq_pikel, uniq_robin

Skill      XL: |  1  2  3 |
---------------+----------+-----
Conjurations   | 5 6 |  6.9
Dodging        | |  2.4
Stealth        | |  2.4
Spellcasting   | |  3.0

Action                     |  1- 3 |  4- 6 || total
---------------------------+-------+-------++-------
  Melee: Scimitar          |     6 |       ||     6
   Cast: Magic Dart        |    65 |    35 ||   100
         Searing Ray       |       |     2 ||     2
    Use: Scroll            |     3 |     4 ||     7
         Potion            |       |     1 ||     1
 Armour: Robe              |     3 |     2 ||     5
  Dodge: Dodged            |    11 |     9 ||    20

Table legend: (Time is in decaauts)
 A = Elapsed time spent in this place.
 B = Non-inter-level travel time spent in this place.
 C = Inter-level travel time spent in this place.
 D = Time resting spent in this place.
 E = Time spent auto-exploring this place.
 F = Levels seen in this place.
 G = Mean time per level.
                   A        B        C        D        E       F      G
               +--------+--------+--------+--------+--------+-----+--------+
         Total |   3050 |   2893 |    157 |     38 |   2516 |   4 |  762.5 |
       Dungeon |   3050 |   2893 |    157 |     38 |   2516 |   4 |  762.5 |
               +--------+--------+--------+--------+--------+-----+--------+

Top non-repeatable levels by time:
     D:2: 994 daAuts
     D:3: 883 daAuts
     D:1: 852 daAuts
     D:4: 319 daAuts
